[Event "Titled Tuesday Blitz March 07 Late 2023"]
[White "Rangel, Daniel"]
[Black "Papasimakopoulos, Alexandros"]
[WhiteFideId "2124475"]
[BlackFideId "4244125"]
[WhiteElo "2256"]
[BlackElo "2359"]
[Result "1-0"]
[Round "04"]
[TimeControl "180+2"]
[Date "2023.03.07"]
[WhiteClock "0:00:14"]
[BlackClock "0:00:06"]

1. c4 e6 2. g3 d5 3. Bg2 Nf6 4. Nf3 Be7 5. O-O O-O 6. b3 c5 7. cxd5 Nxd5 8. Bb2 Nc6 9. d4 cxd4 10. Nxd4 Nxd4 11. Bxd4 Bf6 12. Bxf6 Qxf6 13. Nd2 Nc3 14. Ne4 Nxe4 15. Bxe4 e5 16. Qc2 g6 17. Rfd1 Rb8 18. Qc7 Bg4 19. Rd6 Rbc8 20. Qxc8 Qxd6 21. Qxg4 f5 22. Bxf5 Rxf5 23. Qc4+ Rf7 24. Rc1 Kg7 25. Rc3 a6 26. Kg2 h5 27. Rd3 Qb6 28. Rf3 Re7 29. Qc8 Qc7 30. Qf8+ Kh7 31. e4 Qd7 32. h4 Qc7 33. Qf6 Qd7 34. Qg5 Re6 35. Rf8 Qe7 36. Qxe7+ Rxe7 37. Rb8 Kg7 38. Kf3 Kf6 39. Ke3 Rd7 40. f4 exf4+ 41. gxf4 Ke6 42. e5 Kf5 43. Rf8+ Kg4 44. Rf6 Rg7 45. e6 Kxh4 46. Rf7 Rg8 47. Ke4 g5 48. f5 g4 49. f6 g3 50. Rg7 Re8 51. e7 Kh3 52. Kf5 g2 53. Ke6 Rc8 54. f7 Rc6+ 55. Kd7 Rc1 56. e8=Q Rd1+ 57. Kc7 g1=Q 58. Rxg1 Rxg1 59. f8=Q h4 60. Qe3+ Kh2 61. Qff4+ Rg3 62. Qxh4+ Rh3 63. Qef2+ Kh1 64. Qxh3# 1-0


[Site "https://www.chess.com"]

[Event "Titled Tuesday Blitz March 07 Late 2023"]
[White "Diaz Perez, Michel Alejandro"]
[Black "Shohat, Yotam"]
[WhiteFideId "3517179"]
[BlackFideId "2813955"]
[WhiteElo "2333"]
[BlackElo "2226"]
[Result "1-0"]
[Round "04"]
[TimeControl "180+2"]
[Date "2023.03.07"]
[WhiteClock "0:00:04"]
[BlackClock "0:00:02"]

1. d4 d5 2. Nf3 Nf6 3. c4 e6 4. a3 Be7 5. Nc3 O-O 6. Bf4 Nbd7 7. e3 a6 8. c5 Nh5 9. Bg3 Nxg3 10. hxg3 c6 11. Bd3 g6 12. b4 Bf6 13. e4 e5 14. exd5 exd4 15. Ne4 cxd5 16. Nd6 b6 17. Nxc8 Re8+ 18. Kf1 Rxc8 19. Bxa6 Ra8 20. Bb7 Ra7 21. Bxd5 Nxc5 22. Bc4 Ne4 23. Qd3 Rae7 24. Bb5 Rf8 25. Re1 Nc3 26. Bc4 Rxe1+ 27. Nxe1 Qe7 28. Nf3 Rd8 29. g4 Ne4 30. g3 Nd6 31. Bb3 Qe4 32. Bc2 Qd5 33. Kg2 Rc8 34. Bb3 Qb7 35. Qd2 Rc3 36. Bd1 Ne4 37. Qh6 Ng5 38. Re1 Qa8 39. Kf1 Nxf3 40. Bxf3 Rxf3 41. g5 Bg7 42. Qh4 Rf5 43. Rc1 Rd5 44. Qe4 Rd8 45. Qf4 d3 46. Rc7 Qd5 47. Ke1 1-0


[Site "https://www.chess.com"]

[Event "Titled Tuesday Blitz March 07 Late 2023"]
[White "Tatarinov, Dmitry"]
[Black "Marczuk, Dominik"]
[WhiteFideId "24160067"]
[BlackFideId "1111264"]
[WhiteElo "2326"]
[BlackElo "2174"]
[Result "1-0"]
[Round "04"]
[TimeControl "180+2"]
[Date "2023.03.07"]
[WhiteClock "0:00:49"]
[BlackClock "0:00:03"]

1. d4 Nf6 2. Nf3 g6 3. c4 Bg7 4. Nc3 O-O 5. e4 d6 6. Be2 e5 7. O-O Nc6 8. Be3 Qe8 9. dxe5 Ng4 10. Bd2 Ngxe5 11. Nxe5 dxe5 12. Nd5 Qd8 13. f4 Nd4 14. f5 gxf5 15. exf5 Bxf5 16. Bb4 Re8 17. Bg4 Bg6 18. Rf2 c6 19. Ne3 Qg5 20. Bd2 Qe7 21. Nf5 Nxf5 22. Bxf5 Rad8 23. Qc2 e4 24. Be3 Qe5 25. Raf1 Rd3 26. Bxa7 e3 27. Bxd3 exf2+ 28. Bxf2 Bxd3 29. Qxd3 Qxb2 30. a4 Qe2 31. Qb3 h6 32. Re1 Qxe1+ 33. Bxe1 Rxe1+ 34. Kf2 Re7 35. Qd3 Bf6 36. g3 Kg7 37. a5 Re5 38. Qd2 Re7 39. Kg2 Bg5 40. Qb4 Bf6 41. Qd6 Re6 42. Qb8 Re7 43. Qc8 Re2+ 44. Kf3 Re7 45. h4 Kh7 46. a6 bxa6 47. Qxc6 a5 48. Qxf6 1-0


[Site "https://www.chess.com"]

[Event "Titled Tuesday Blitz March 07 Late 2023"]
[White "Hernandez Gonzalez, William"]
[Black "Vaglio Munoz, Jaime"]
[WhiteFideId "3509915"]
[BlackFideId "6500145"]
[WhiteElo "2374"]
[BlackElo "2199"]
[Result "1-0"]
[Round "04"]
[TimeControl "180+2"]
[Date "2023.03.07"]
[WhiteClock "0:00:52"]
[BlackClock "0:00:10"]

1. e4 d6 2. d4 Nf6 3. Nc3 e5 4. Nf3 Nbd7 5. g3 Be7 6. Bg2 O-O 7. O-O c6 8. a4 a5 9. h3 Re8 10. Re1 Bf8 11. g4 h6 12. b3 exd4 13. Nxd4 Nc5 14. Bb2 Qb6 15. Nf5 Bxf5 16. exf5 d5 17. Qd4 Qb4 18. Qxb4 axb4 19. Ne2 Nce4 20. Ng3 Nc3 21. Bf3 Bd6 22. Kg2 Kf8 23. h4 Bf4 24. Ne2 Bd2 25. Red1 Nxd1 26. Rxd1 Bc3 27. Nxc3 bxc3 28. Bxc3 Ne4 29. Bd4 f6 30. Be3 Rad8 31. Bf4 c5 32. Bc7 Rd7 33. Bb6 Nc3 34. Bxc5+ 1-0


[Site "https://www.chess.com"]

[Event "Titled Tuesday Blitz March 07 Late 2023"]
[White "Martinez Ramirez, Lennis"]
[Black "Topalov, Aleksandar"]
[WhiteFideId "3509079"]
[BlackFideId "925659"]
[WhiteElo "2439"]
[BlackElo "2151"]
[Result "1-0"]
[Round "04"]
[TimeControl "180+2"]
[Date "2023.03.07"]
[WhiteClock "0:01:13"]
[BlackClock "0:00:01"]

1. c4 Nf6 2. Nc3 c5 3. g3 g6 4. Bg2 Bg7 5. Nf3 O-O 6. d4 Nc6 7. d5 Na5 8. Qd3 d6 9. e4 a6 10. a4 Nb3 11. Rb1 Nxc1 12. Rxc1 e6 13. dxe6 Bxe6 14. O-O Qb6 15. Ng5 Ng4 16. Nxe6 fxe6 17. Bh3 Nxf2 18. Bxe6+ Kh8 19. Rxf2 Bd4 20. Rc2 Rxf2 21. Rxf2 Rf8 22. Nd1 Qb4 23. Kg2 Bxf2 24. Nxf2 Qxb2 25. Qe3 Rf6 26. Bd5 Kg7 27. e5 dxe5 28. Qxc5 Kh6 29. a5 Qd2 30. Bxb7 g5 31. Bf3 Kg6 32. Qxe5 h6 33. h4 gxh4 34. Qxf6+ Kxf6 35. gxh4 Ke5 36. c5 Kf4 37. c6 1-0


[Site "https://www.chess.com"]

[Event "Titled Tuesday Blitz March 07 Late 2023"]
[White "Cuenca Jimenez, Jose Fernando"]
[Black "ArtemDyachuk"]
[WhiteFideId "2255570"]
[WhiteElo "2429"]
[BlackElo "2409"]
[Result "1-0"]
[Round "04"]
[TimeControl "180+2"]
[Date "2023.03.07"]
[WhiteClock "0:00:22"]
[BlackClock "0:00:05"]

1. c4 Nf6 2. Nf3 c5 3. Nc3 e6 4. g3 b6 5. Bg2 Bb7 6. O-O Be7 7. d4 cxd4 8. Qxd4 O-O 9. Rd1 Qc8 10. Bf4 Nc6 11. Qd2 Na5 12. b3 d5 13. cxd5 exd5 14. Rac1 Qf5 15. Nd4 Qh5 16. Qe3 Rfe8 17. Qf3 Qg6 18. Ncb5 Red8 19. Nc7 Rac8 20. Bh3 Ba3 21. Bf5 Qh5 22. Bxc8 Bxc8 23. Qxh5 Nxh5 24. Rc2 Nxf4 25. gxf4 h5 26. Nc6 Rd6 27. Ne7+ Kh7 28. Nxc8 Rg6+ 29. Kf1 Nb7 30. Nxd5 Nc5 31. f3 Rg4 32. fxg4 1-0


[Site "https://www.chess.com"]

[Event "Titled Tuesday Blitz March 07 Late 2023"]
[White "Bujisho, Benjamin"]
[Black "Chan, Kim Yew"]
[WhiteFideId "608610"]
[BlackFideId "5717981"]
[WhiteElo "2371"]
[BlackElo "2206"]
[Result "1-0"]
[Round "04"]
[TimeControl "180+2"]
[Date "2023.03.07"]
[WhiteClock "0:00:13"]
[BlackClock "0:00:03"]

1. d4 Nf6 2. c4 e6 3. Nc3 Bb4 4. f3 d5 5. a3 Be7 6. e4 dxe4 7. fxe4 c5 8. d5 exd5 9. cxd5 Bd6 10. Nf3 O-O 11. Bd3 Nbd7 12. O-O a6 13. Bg5 Qc7 14. Qd2 h6 15. Bh4 b5 16. Rae1 Bf4 17. Qf2 c4 18. Bc2 Ng4 19. Qd4 Nxh2 20. e5 Nxf3+ 21. Rxf3 Bxe5 22. Qe4 g6 23. Be7 Re8 24. d6 Bxd6 25. Rxf7 Ne5 26. Bxd6 Qxd6 27. Qxa8 Kxf7 28. Rf1+ Kg7 29. Qa7+ Qe7 30. Qd4 Kh7 31. Nd5 Qe6 32. Nf6+ Kg7 33. Nxe8+ Qxe8 34. Re1 1-0


[Site "https://www.chess.com"]

[Event "Titled Tuesday Blitz March 07 Late 2023"]
[White "Skvortsov, Andrei"]
[Black "Kaganskiy, Gleb"]
[WhiteFideId "24108600"]
[BlackFideId "4132025"]
[WhiteElo "2259"]
[BlackElo "2165"]
[Result "1-0"]
[Round "04"]
[TimeControl "180+2"]
[Date "2023.03.07"]
[WhiteClock "0:00:43"]
[BlackClock "0:00:05"]

1. g3 d5 2. Bg2 Nf6 3. c4 e6 4. cxd5 exd5 5. Nf3 c6 6. O-O Be7 7. d4 O-O 8. Nc3 Bf5 9. Ne1 Re8 10. Nd3 Ne4 11. f3 Nd6 12. Nf2 Bg6 13. e4 dxe4 14. fxe4 Nd7 15. b3 c5 16. d5 Ne5 17. Bf4 Bf6 18. Rc1 b6 19. h4 h6 20. Qd2 Qd7 21. Rfe1 Rad8 22. Kf1 Qc8 23. Ncd1 Qa6+ 24. Kg1 Bh5 25. Re3 c4 26. g4 cxb3 27. axb3 Nxg4 28. Nxg4 Bxg4 29. Nf2 Bh5 30. e5 Bxh4 31. exd6 Rxe3 32. Qxe3 Qa3 33. Rc7 Bf6 34. Kh2 Qa1 35. Ne4 Bd4 36. Qc1 Qxc1 37. Rxc1 Bg6 38. Ng3 Bc5 39. Ne4 Bxe4 40. Bxe4 Bxd6 41. Kg3 Bxf4+ 42. Kxf4 Kf8 43. Rc7 a5 44. Ke5 Re8+ 45. Kd4 Rd8 46. Rc6 Ke7 47. Rxb6 h5 48. Ke5 f6+ 49. Kf4 g5+ 50. Kf5 h4 51. Rxf6 Rb8 52. d6+ Kd7 53. Ke5 Rb5+ 54. Bd5 Rxb3 55. Rf7+ Kd8 56. Rf8+ Kd7 57. Be6+ Kc6 58. Bxb3 a4 59. Bxa4+ Kc5 60. d7 g4 61. d8=Q h3 62. Qd4# 1-0


[Site "https://www.chess.com"]

[Event "Titled Tuesday Blitz March 07 Late 2023"]
[White "Do Valle Cardoso, Lucas"]
[Black "Mbonu, David"]
[WhiteFideId "2163144"]
[BlackFideId "30927420"]
[WhiteElo "2383"]
[BlackElo "2375"]
[Result "1-0"]
[Round "04"]
[TimeControl "180+2"]
[Date "2023.03.07"]
[WhiteClock "0:01:02"]
[BlackClock "0:01:18"]

1. e4 e5 2. Nf3 Nc6 3. d4 exd4 4. Bc4 Nf6 5. e5 d5 6. Bb5 Ne4 7. Nxd4 Bd7 8. Bxc6 bxc6 9. O-O Bc5 10. f3 Ng5 11. f4 Ne4 12. Be3 Qb8 13. Nc3 Qxb2 14. Nxe4 dxe4 15. Qd2 Rd8 16. Rab1 Qa3 17. Rb3 Qa4 18. Qc3 Bb6 19. Ra3 Bxd4 20. Bxd4 Qb5 21. Ra5 Qe2 22. f5 O-O 23. Rxa7 c5 24. Bxc5 Bb5 25. Re1 Qg4 26. Bxf8 Be2 27. Be7 Bf3 28. Qd2 e3 29. Qxd8# 1-0


[Site "https://www.chess.com"]

[Event "Titled Tuesday Blitz March 07 Late 2023"]
[White "Bogaudinov, Rushan"]
[Black "Guzman, Christopher"]
[WhiteFideId "4129288"]
[BlackFideId "6405096"]
[WhiteElo "1949"]
[BlackElo "2281"]
[Result "0-1"]
[Round "04"]
[TimeControl "180+2"]
[Date "2023.03.07"]
[WhiteClock "0:00:15"]
[BlackClock "0:01:53"]

1. d4 Nf6 2. g3 e6 3. Bg2 d5 4. Nf3 Be7 5. O-O O-O 6. b3 a5 7. a3 b6 8. Bb2 Bb7 9. Nbd2 Nbd7 10. c4 c5 11. cxd5 exd5 12. e3 Rc8 13. Qe2 Re8 14. Rfc1 Bd6 15. Qd3 a4 16. dxc5 Nxc5 17. Qb1 axb3 18. Bd4 Nfe4 19. Nxb3 Ba6 20. Bf1 Bxf1 21. Kxf1 Qd7 22. Kg2 Qf5 23. a4 Nxb3 24. Qxb3 Qxf3+ 25. Kxf3 Nd2+ 26. Ke2 Nxb3 27. Rxc8 Rxc8 28. Rd1 Nxd4+ 29. Rxd4 Rc5 30. Kd3 Ra5 31. Kc2 f6 32. e4 Be5 33. Rxd5 Rxd5 34. exd5 Bd4 35. f3 Kf7 36. Kd3 Bg1 37. h3 Bh2 38. g4 Ke7 39. Kc4 Kd6 40. h4 Bg3 41. h5 Bf2 42. f4 h6 43. f5 Bg1 44. Kb5 Kxd5 0-1


[Site "https://www.chess.com"]

[Event "Titled Tuesday Blitz March 07 Late 2023"]
[White "Fishbein, Alexander"]
[Black "Szente Varga, Fruzsina"]
[WhiteFideId "2000377"]
[BlackFideId "712264"]
[WhiteElo "2415"]
[BlackElo "1994"]
[Result "1-0"]
[Round "04"]
[TimeControl "180+2"]
[Date "2023.03.07"]
[WhiteClock "0:00:17"]
[BlackClock "0:00:02"]

1. e4 e5 2. Nf3 Nc6 3. Bb5 a6 4. Ba4 Nf6 5. O-O Be7 6. Re1 b5 7. Bb3 O-O 8. d3 d6 9. a3 Na5 10. Ba2 c5 11. Nbd2 Rb8 12. Nf1 Be6 13. Ne3 g6 14. Nd5 Nxd5 15. exd5 Bg4 16. h3 Bxf3 17. Qxf3 f5 18. Bh6 Rf7 19. b4 Nb7 20. c3 Bg5 21. Bxg5 Qxg5 22. Qe3 f4 23. Qf3 Rc7 24. c4 Rbc8 25. Bb3 Nd8 26. bxc5 Rxc5 27. d4 R5c7 28. dxe5 dxe5 29. d6 Rc5 30. cxb5+ Kg7 31. Rad1 axb5 32. d7 R8c7 33. Rd5 Rc3 34. Rd3 R3c5 35. Qa8 Qe7 36. Rd5 Rc1 37. Rxc1 Rxc1+ 38. Kh2 Rc7 39. Qc8 Ra7 40. Qc3 Kf6 41. Qd2 g5 42. Rd6+ Kg7 43. Qd5 Qf8 44. Qxe5+ 1-0


[Site "https://www.chess.com"]

[Event "Titled Tuesday Blitz March 07 Late 2023"]
[White "Zampronha, Wladimir Camilo"]
[Black "Prem, Pranav"]
[WhiteFideId "2103087"]
[BlackFideId "30901057"]
[WhiteElo "2176"]
[BlackElo "1970"]
[Result "0-1"]
[Round "04"]
[TimeControl "180+2"]
[Date "2023.03.07"]
[WhiteClock "0:00:08"]
[BlackClock "0:00:06"]

1. e4 c5 2. Nf3 d6 3. d4 cxd4 4. Nxd4 Nf6 5. Nc3 a6 6. Bg5 Nbd7 7. f4 b5 8. Qf3 Qc7 9. O-O-O Bb7 10. Bd3 g6 11. Rhe1 Bg7 12. Qg3 O-O 13. e5 dxe5 14. fxe5 Nh5 15. Qh4 Bxe5 16. Be4 Nhf6 17. Bxb7 Qxb7 18. Nf3 Bxc3 19. bxc3 Qc6 20. Rxe7 Nd5 21. Nd4 Qd6 22. Ne2 Qa3+ 23. Kb1 N7b6 24. Re4 Na4 25. Rxa4 bxa4 26. Ka1 Rab8 27. Bc1 Qc5 28. Qd4 Qxd4 29. Rxd4 Nf6 30. Bg5 Nh5 31. Rxa4 Rfe8 32. Nc1 Re1 33. Rb4 Rxb4 34. cxb4 Rg1 35. Kb2 Rxg2 36. Be3 Rxh2 37. a4 Nf6 38. b5 axb5 39. a5 Nd7 40. a6 Re2 41. a7 Rxe3 42. a8=Q+ Kg7 43. Qb7 Nf6 44. Qb6 Re5 45. Qb8 Re6 46. Nd3 Nd5 47. Qc8 Nb6 48. Nb4 Nxc8 0-1


[Site "https://www.chess.com"]

[Event "Titled Tuesday Blitz March 07 Late 2023"]
[White "De Souza, Cristiano Gomes"]
[Black "Vlassov, Nikolai"]
[WhiteFideId "2151758"]
[BlackFideId "4103360"]
[WhiteElo "2068"]
[BlackElo "2324"]
[Result "0-1"]
[Round "04"]
[TimeControl "180+2"]
[Date "2023.03.07"]
[WhiteClock "0:00:11"]
[BlackClock "0:00:25"]

1. d4 Nf6 2. c4 Nc6 3. Nf3 e6 4. a3 g6 5. Nc3 Bg7 6. e4 d6 7. h3 O-O 8. Be2 e5 9. d5 Nd4 10. Nxd4 exd4 11. Qxd4 Re8 12. Qd3 Nd7 13. O-O f5 14. exf5 Nc5 15. Qd1 Bxf5 16. Be3 Rxe3 17. fxe3 Qg5 18. Rf3 Re8 19. Rc1 Rxe3 20. Rxe3 Qxe3+ 21. Kh1 Be5 22. Bf3 Nd3 23. Rc2 Nf2+ 24. Rxf2 Qxf2 25. Qe2 Qg3 26. Kg1 Bxh3 27. Ne4 Qh2+ 28. Kf2 Bf5 29. b4 Qh4+ 30. Kf1 Bd4 31. Nf2 Bxf2 32. Qxf2 Bd3+ 33. Ke1 Qxf2+ 34. Kxf2 Bxc4 35. Ke3 Kg7 36. Kd4 Bb5 37. Be4 Kf6 38. Bc2 h5 39. a4 Bf1 40. g3 g5 41. b5 h4 42. gxh4 gxh4 43. Be4 h3 44. Ke3 Bg2 45. Bxg2 hxg2 46. Kf2 Ke5 47. Kxg2 Kxd5 48. Kf3 Kc5 49. Ke4 Kb4 50. Kd5 Kxa4 51. b6 axb6 52. Kc4 b5+ 53. Kc3 Ka3 0-1


[Site "https://www.chess.com"]

[Event "Titled Tuesday Blitz March 07 Late 2023"]
[White "Torres Dominguez, David"]
[Black "Melikyan, Gnel"]
[WhiteFideId "2220857"]
[BlackFideId "54109990"]
[WhiteElo "1999"]
[BlackElo "2138"]
[Result "0-1"]
[Round "04"]
[TimeControl "180+2"]
[Date "2023.03.07"]
[WhiteClock "0:00:01"]
[BlackClock "0:00:21"]

1. e4 h5 2. d4 e6 3. Bd3 d5 4. exd5 exd5 5. h3 Bd6 6. Qf3 c6 7. Bf4 Bxf4 8. Qxf4 Qf6 9. Qxf6 Nxf6 10. Nc3 Nbd7 11. Nge2 Nf8 12. h4 Ne6 13. f3 Ke7 14. Kf2 Kd6 15. a3 Bd7 16. Rae1 Rae8 17. g3 g6 18. Nd1 Ng8 19. c3 Nh6 20. Ne3 Ng7 21. Nf4 Nhf5 22. Bxf5 Bxf5 23. Re2 Bd7 24. Rhe1 a5 25. Nd3 b5 26. Nc5 Be6 27. Nb7+ Kc7 28. Nxa5 f6 29. Nb3 g5 30. Nc5 Bc8 31. Ng2 Rxe2+ 32. Rxe2 Nf5 33. Nd3 Kd6 34. hxg5 fxg5 35. Ne5 Rf8 36. Re1 c5 37. dxc5+ Kxc5 38. Rh1 h4 39. gxh4 gxh4 40. Nxh4 Rh8 41. Neg6 Rh6 42. Kg2 Ne3+ 43. Kf2 Nf5 44. Kg2 Ne3+ 45. Kf2 Nc4 46. Kg2 Nxb2 47. Nf4 Kc4 48. Nhg6 Rxh1 49. Kxh1 Nd1 50. Ne7 Bb7 51. Nexd5 Bxd5 52. Ng6 Bxf3+ 53. Kg1 Kxc3 54. Ne5 Be4 55. Kf1 Kb3 0-1


[Site "https://www.chess.com"]

[Event "Titled Tuesday Blitz March 07 Late 2023"]
[White "Djordjevic, Dejan N"]
[Black "TimGrutter03"]
[WhiteFideId "913316"]
[WhiteElo "2261"]
[BlackElo "2495"]
[Result "1-0"]
[Round "04"]
[TimeControl "180+2"]
[Date "2023.03.07"]
[WhiteClock "0:00:16"]
[BlackClock "0:00:01"]

1. e4 g6 2. d4 Bg7 3. g3 d6 4. Bg2 Nf6 5. h3 O-O 6. Ne2 e5 7. O-O Nc6 8. Be3 Re8 9. Nbc3 a6 10. a4 Nd7 11. f4 exd4 12. Nxd4 Nc5 13. Nxc6 bxc6 14. e5 Bb7 15. Re1 Ne6 16. exd6 cxd6 17. a5 d5 18. Bb6 Qd6 19. Rb1 h5 20. h4 Qb4 21. Qd3 Nc5 22. Qf3 Rxe1+ 23. Rxe1 Ne4 24. Re3 Nxc3 25. bxc3 Qb1+ 26. Kh2 Qxc2 27. f5 Qxf5 28. Qxf5 gxf5 29. Bf3 Bc8 30. Bxh5 Be6 31. Be2 Bf8 32. Bd3 Kg7 33. Rf3 Bd6 34. Bxf5 Bxf5 35. Rxf5 Re8 36. Bd4+ Kg6 37. Rf6+ Kh7 38. Rxd6 Re2+ 39. Kh3 Ra2 40. Rxc6 Rxa5 41. Rc5 Ra2 42. Rxd5 a5 43. h5 a4 44. Kh4 a3 45. Ra5 Rh2+ 46. Kg4 a2 47. Ra8 f5+ 48. Kxf5 Rxh5+ 49. Kg4 Rh2 50. c4 Rc2 51. Rxa2 Rxa2 52. c5 Rc2 53. Kf4 Kg6 54. Ke4 Kg5 55. Kd5 Kg4 56. Be5 Kf5 57. Bf4 Rd2+ 58. Bxd2 1-0


[Site "https://www.chess.com"]

[Event "Titled Tuesday Blitz March 07 Late 2023"]
[White "Molenda, Marcin"]
[Black "Iliaguev, Nisim"]
[WhiteFideId "1173065"]
[BlackFideId "2817276"]
[WhiteElo "2286"]
[BlackElo "2241"]
[Result "0-1"]
[Round "04"]
[TimeControl "180+2"]
[Date "2023.03.07"]
[WhiteClock "0:00:03"]
[BlackClock "0:00:03"]

1. e4 c6 2. d4 d5 3. e5 Bf5 4. Nf3 e6 5. Be2 Ne7 6. O-O h6 7. Nbd2 c5 8. dxc5 Nec6 9. Nb3 Nd7 10. Be3 Be7 11. Nbd4 Be4 12. Nxc6 bxc6 13. b4 Bxf3 14. Bxf3 Nxe5 15. Be2 O-O 16. Rb1 Nd7 17. f4 a5 18. a3 axb4 19. axb4 Ra3 20. Bc1 Ra2 21. Bd3 Qc7 22. Kh1 Nf6 23. Bb2 Rfa8 24. Be5 Qd8 25. f5 Nd7 26. Bxg7 Kxg7 27. Qg4+ Bg5 28. h4 Ne5 29. Qg3 f6 30. hxg5 hxg5 31. fxe6 Qe7 32. Bf5 R2a3 33. Rb3 Ra1 34. Rbb1 Rxb1 35. Rxb1 Nc4 36. Kg1 d4 37. b5 Ne3 38. Bh3 cxb5 39. c6 Rc8 40. Rxb5 Rxc6 41. Qb8 Rc7 42. Qa8 g4 43. Rb8 Qxe6 44. Re8 Qc4 45. Rh8 Qf1+ 46. Kh2 Qf4+ 47. Kg1 Qf1+ 48. Kh2 Kg6 49. Qg8+ Kf5 50. Qh7+ Rxh7 0-1


[Site "https://www.chess.com"]

[Event "Titled Tuesday Blitz March 07 Late 2023"]
[White "Graif, William"]
[Black "Iskusnyh, Sergei"]
[WhiteFideId "2609835"]
[BlackFideId "4120027"]
[WhiteElo "2205"]
[BlackElo "2492"]
[Result "0-1"]
[Round "04"]
[TimeControl "180+2"]
[Date "2023.03.07"]
[WhiteClock "0:00:08"]
[BlackClock "0:00:04"]

1. e4 e6 2. d4 d5 3. Be3 dxe4 4. f3 c5 5. Nc3 cxd4 6. Qxd4 Qxd4 7. Bxd4 Nc6 8. O-O-O Nxd4 9. Rxd4 Bc5 10. Bb5+ Ke7 11. Rxe4 Nf6 12. Rc4 Bd6 13. Ba4 a6 14. Bb3 b5 15. Rd4 Bc5 16. Rd3 Bb7 17. Nge2 Rhd8 18. Rhd1 Rxd3 19. Rxd3 g5 20. h3 h5 21. Ng3 Bd6 22. Nge4 Bf4+ 23. Kd1 g4 24. hxg4 hxg4 25. Nxf6 Kxf6 26. Rd7 Bc6 27. Ne4+ Kg6 28. Rd3 Rh8 29. Ke2 Rh2 30. Kf1 Rh1+ 31. Kf2 f5 32. Nc5 g3+ 33. Ke2 Rg1 34. Nxe6 Rxg2+ 35. Kf1 Rf2+ 36. Kg1 Be5 37. Bd5 Bxd5 38. Rxd5 Bxb2 39. f4 Rxc2 40. Rd6 Kh5 41. Rd7 Kg4 42. Rd8 Kf3 43. Rd3+ Kg4 44. a3 Rc1+ 45. Kg2 Rc2+ 46. Kg1 a5 47. Rd5 b4 48. a4 b3 49. Rxa5 Bc1 50. Rb5 Be3+ 51. Kf1 g2+ 52. Ke1 g1=Q# 0-1


[Site "https://www.chess.com"]

[Event "Titled Tuesday Blitz March 07 Late 2023"]
[White "Kalajzic, Ivan"]
[Black "Larino Nieto, David"]
[WhiteFideId "14506378"]
[BlackFideId "2256444"]
[WhiteElo "2203"]
[BlackElo "2506"]
[Result "0-1"]
[Round "04"]
[TimeControl "180+2"]
[Date "2023.03.07"]
[WhiteClock "0:00:24"]
[BlackClock "0:00:46"]

1. b3 e5 2. Bb2 Nc6 3. e3 d5 4. Bb5 Bd6 5. f4 f6 6. Qh5+ g6 7. Qh4 exf4 8. exf4 a6 9. Bxc6+ bxc6 10. Ne2 c5 11. Nbc3 Bb7 12. O-O-O d4 13. Na4 Bc6 14. Rde1 Kf7 15. Rhf1 Bxa4 16. bxa4 Ne7 17. g4 Qd7 18. Ng3 Rab8 19. f5 g5 20. Qh5+ Kg7 21. h4 Rxb2 22. hxg5 Rhb8 23. gxf6+ Kh8 24. Kd1 Nd5 25. Ne4 c4 26. Rh1 d3 27. Nc3 Rb1+ 0-1


[Site "https://www.chess.com"]

[Event "Titled Tuesday Blitz March 07 Late 2023"]
[White "Gascon Del Nogal, Jose Rafael"]
[Black "Karas, Marek"]
[WhiteFideId "3902463"]
[BlackFideId "14928558"]
[WhiteElo "2473"]
[BlackElo "2233"]
[Result "0-1"]
[Round "04"]
[TimeControl "180+2"]
[Date "2023.03.07"]
[WhiteClock "0:00:32"]
[BlackClock "0:01:05"]

1. Nf3 d5 2. g3 Nf6 3. Bg2 Bg4 4. c4 c6 5. Ne5 Be6 6. cxd5 Bxd5 7. Nf3 e6 8. Nc3 Be7 9. O-O O-O 10. d3 Bxf3 11. Bxf3 Nbd7 12. Rb1 Nd5 13. Bd2 Ne5 14. Bg2 Ng6 15. a3 Bf6 16. Qc2 Nge7 17. b4 Nxc3 18. Bxc3 Bxc3 19. Qxc3 Nd5 20. Qb2 Qf6 21. Qxf6 gxf6 22. Rfc1 a6 23. a4 Rfc8 24. d4 f5 25. e3 Kf8 26. b5 axb5 27. axb5 Ne7 28. bxc6 bxc6 29. Rb6 Rab8 30. Rxb8 Rxb8 31. h3 Rc8 32. Rc5 Ke8 33. g4 Kd7 34. Kh2 Kd6 35. Kg3 Rg8 36. f3 h5 37. e4 hxg4 38. fxg4 fxe4 39. Bxe4 f5 40. Bf3 fxg4 41. hxg4 Nf5+ 42. Kf4 Nxd4 43. Rc1 Rf8+ 0-1


[Site "https://www.chess.com"]

[Event "Titled Tuesday Blitz March 07 Late 2023"]
[White "Prydun, Andriy"]
[Black "Oro, Faustino"]
[WhiteFideId "14145898"]
[BlackFideId "20000197"]
[WhiteElo "2164"]
[BlackElo "1984"]
[Result "0-1"]
[Round "04"]
[TimeControl "180+2"]
[Date "2023.03.07"]
[WhiteClock "0:00:03"]
[BlackClock "0:00:40"]

1. e4 e5 2. Bb5 Nf6 3. Nf3 c6 4. Bd3 d6 5. Na3 Be7 6. O-O O-O 7. Re1 Nbd7 8. Nc4 Nc5 9. b4 Nxd3 10. cxd3 h6 11. a4 Be6 12. b5 Re8 13. Bb2 Nd7 14. Qe2 Nc5 15. d4 Nb3 16. Rab1 exd4 17. Bxd4 Nxd4 18. Nxd4 Bd7 19. Qd3 Bf8 20. bxc6 bxc6 21. Rb7 d5 22. Nb2 Qc8 23. Rb3 c5 24. Rc3 dxe4 25. Rxe4 Qb7 26. Rxe8 Rxe8 0-1


[Site "https://www.chess.com"]

[Event "Titled Tuesday Blitz March 07 Late 2023"]
[White "Gasparyan, David"]
[Black "Karttunen, Mika"]
[WhiteFideId "13311980"]
[BlackFideId "502081"]
[WhiteElo "2433"]
[BlackElo "2396"]
[Result "1/2-1/2"]
[Round "04"]
[TimeControl "180+2"]
[Date "2023.03.07"]
[WhiteClock "0:00:38"]
[BlackClock "0:00:05"]

1. Nf3 e6 2. e4 d5 3. exd5 exd5 4. h3 Nc6 5. d4 Bd6 6. Bd3 Nge7 7. c3 Bf5 8. O-O Qd7 9. Bxf5 Qxf5 10. Re1 O-O-O 11. b4 f6 12. b5 Na5 13. Ba3 Rhe8 14. Bxd6 Rxd6 15. Qa4 b6 16. Nbd2 Kb8 17. Re3 Rdd8 18. Rae1 Qd7 19. c4 Nc8 20. c5 Rxe3 21. Rxe3 Re8 22. c6 Qf7 23. Nb3 Rxe3 24. fxe3 Qe7 25. Nxa5 Qxe3+ 26. Kh2 bxa5 27. Qxa5 Nd6 28. b6 axb6 29. Qxd5 Qf4+ 30. g3 Qc1 31. Qb3 Qxc6 32. Nd2 Nf5 33. Qd3 g6 34. Ne4 Qe6 35. d5 Qe5 36. Kg2 Qb2+ 37. Kf3 Qe5 38. h4 Nd6 39. Nc3 f5 40. Ne2 Qb2 41. Nd4 Qc1 42. Nc6+ Kb7 43. Kg2 Qb2+ 44. Kh3 Qxa2 45. Nd8+ Kc8 46. Nc6 Qc4 47. Qa3 Qg4+ 48. Kg2 Qe2+ 49. Kh3 Qf1+ 50. Kh2 Qf2+ 51. Kh3 Qf1+ 52. Kh2 Qf2+ 53. Kh3 Qf1+ 1/2-1/2


[Site "https://www.chess.com"]

[Event "Titled Tuesday Blitz March 07 Late 2023"]
[White "Leiva, Gianmarco"]
[Black "Meduri, Aakaash"]
[WhiteFideId "3804399"]
[BlackFideId "2032252"]
[WhiteElo "2345"]
[BlackElo "2113"]
[Result "1-0"]
[Round "04"]
[TimeControl "180+2"]
[Date "2023.03.07"]
[WhiteClock "0:00:07"]
[BlackClock "0:00:35"]

1. e4 c5 2. Nf3 d6 3. Bb5+ Bd7 4. Bxd7+ Nxd7 5. O-O Ngf6 6. Qe2 e6 7. d4 cxd4 8. Nxd4 a6 9. c4 Be7 10. Nc3 O-O 11. b3 Rc8 12. Bb2 Qa5 13. Rac1 Rfd8 14. Kh1 Qc5 15. f4 Bf8 16. Rcd1 d5 17. e5 Ne4 18. Nxe4 dxe4 19. Qxe4 b5 20. cxb5 axb5 21. Rc1 Qb6 22. f5 Rxc1 23. Rxc1 Nc5 24. Qe2 exf5 25. Qxb5 Qg6 26. Rxc5 Bxc5 27. Qxc5 Qg4 28. Qc2 h5 29. Nf3 h4 30. h3 Qg3 31. Bd4 g6 32. Bf2 Qf4 33. Bxh4 Ra8 34. Bf6 Qe4 35. Qd2 Rc8 36. Qh6 Rc1+ 37. Kh2 Qf4+ 38. Qxf4 1-0


[Site "https://www.chess.com"]